 Dungeon Crawl Stone Soup version 0.29.1-15-g9cfb28693d (webtiles) character file.

Game seed: 10384763636201208144

16608 GeoRichter the Grappler (level 12, -10/67 HPs)
             Began as a Vine Stalker Brigand on Mar 18, 2023.
             Was a Believer of Ru.
             Mangled by a centaur warrior simulacrum (23 damage)
             ... in a Gauntlet.
             The game lasted 00:25:10 (12050 turns).

GeoRichter the Grappler (Vine Stalker Brigand)     Turns: 12050, Time: 00:25:11

Health: -10/67     AC: 11    Str: 20    XL:     12   Next: 39%
Magic:  0/13       EV: 12    Int: 11    God:    Ru [**....]
Gold:   691        SH: 14    Dex: 15    Spells: 11/11 levels left

rFire   . . .      SeeInvis .     - Unarmed
rCold   . . .      Faith    .   o - +0 kite shield
rNeg    . . .      Spirit   +   R - +2 scale mail {rPois}
rPois   +          Reflect  +   (no helmet)
rElec   .          Harm     .   c - +0 cloak
rCorr   .          Rampage  .   f - +0 pair of gloves
Will    ++...      NoTele   +   (no boots)
Stlth   ++........              N - amulet of reflection
HPRegen 1.01/turn               w - +4 ring of evasion
MPRegen 0.13/turn               F - ring of willpower

@: no status effects
A: fangs 3, regeneration 1, magic shield, antimagic bite, no potion heal 2,
inability to train dodging, no hexes magic, no poison magic, no translocations
magic
a: Renounce Religion


You were in a Gauntlet.
You worshipped Ru.
Ru was pleased with you.
You visited 3 branches of the dungeon, and saw 14 of its levels.
You also visited: Ossuary and Gauntlet.

You collected 727 gold pieces.
You spent 36 gold pieces at shops.

Inventory:

Hand Weapons
 a - a +3 dagger
Missiles
 d - 25 poisoned darts
 e - 7 curare-tipped darts (quivered) {!f}
 q - 4 atropa-tipped darts
 s - a throwing net {!f}
 I - 10 javelins
Armour
 c - a +0 cloak (worn)
 f - a +0 pair of gloves (worn)
   (You found it on level 5 of the Dungeon)
 h - +1 acid dragon scales
   (You took it off Maggie on level 6 of the Dungeon)
 o - a +0 kite shield (worn)
   (You took it off a gnoll sergeant on level 8 of the Dungeon)
 R - a +2 scale mail of poison resistance (worn)
   (You found it in a Gauntlet)
Jewellery
 w - a +4 ring of evasion (left hand)
   (You found it on level 4 of the Dungeon)
 D - the ring of Temptation {*Slow rPois rCorr Dex+6}
   (You found it in an ossuary)

   [ring of dexterity]

   Dex:       It affects your dexterity (+6).
   rPois:     It protects you from poison.
   rCorr:     It protects you from acid and corrosion.
   *Slow:     It may slow you when you take damage.
 F - a ring of willpower (right hand)
   (You found it on level 4 of the Dungeon)
 N - an amulet of reflection (around neck)
   (You took it off a kobold on level 8 of the Dungeon)
Wands
 y - a wand of quicksilver (13)
   (You found it in an ossuary)
 G - a wand of mindburst (16)
   (You found it on level 5 of the Dungeon)
 L - a wand of roots (11)
   (You found it on level 7 of the Dungeon)
 Q - a wand of flame (11)
   (You found it on level 1 of the Lair of Beasts)
Scrolls
 g - 6 scrolls of immolation {!r}
 l - 2 scrolls of poison {!r}
 n - 2 scrolls of enchant weapon
 r - 2 scrolls of noise {!r}
 t - 7 scrolls of teleportation {@r4}
 u - 3 scrolls of blinking
 B - 2 scrolls of fear
 C - a scroll of summoning
 J - 2 scrolls of identify {@r1}
 K - 2 scrolls of vulnerability {!r}
 O - a scroll of torment {!r}
 P - 2 scrolls of silence
Potions
 b - 2 potions of ambrosia
 i - 2 potions of haste {@q3}
 j - 2 potions of brilliance
 k - 2 potions of cancellation
 m - 11 potions of curing {@q1}
 v - 2 potions of mutation {!q}
 x - 6 potions of resistance
 z - 2 potions of flight
 A - 2 potions of magic
 E - 2 potions of lignification {!q}
 H - 2 potions of attraction {!q}
 M - a potion of berserk rage


   Skills:
 * Level 10.0 Fighting
 - Level 4.1 Short Blades
 - Level 1.7 Throwing
 + Level 5.1 Armour
   Level 0.0 Dodging
 - Level 4.8 Stealth
 + Level 4.9 Shields
 * Level 13.3 Unarmed Combat
 - Level 3.0 Evocations


You had 11 spell levels left.
You didn't know any spells.
Your spell library contained the following spells:

 Spells                   Type           Power      Damage    Failure   Level
 Beastly Appendage        Tmut           0%         N/A       95%         1
 Wereblood                Tmut           0%         N/A       99%         2
 Vampiric Draining        Necr           0%         2d6       100%        3
 Summon Cactus Giant      Summ           0%         N/A       100%        6
 Orb of Destruction       Conj           0%         9d5       100%        7
 Spellforged Servitor     Conj/Summ      0%         N/A       100%        7
 Slow                     Hex            Unusable   N/A       N/A         1
 Confusing Touch          Hex            Unusable   N/A       N/A         3
 Spider Form              Tmut/Pois      Unusable   N/A       N/A         3
 Summon Guardian Golem    Hex/Summ       Unusable   N/A       N/A         3
 Tukima's Dance           Hex            Unusable   N/A       N/A         3
 Passage of Golubria      Tloc           Unusable   N/A       N/A         4
 Summon Forest            Summ/Tloc      Unusable   N/A       N/A         5
 Summon Mana Viper        Hex/Summ       Unusable   N/A       N/A         5
 Yara's Violent Unravell  Hex/Tmut       Unusable   3d3       N/A         5

Dungeon Overview and Level Annotations

Branches:
Dungeon (11/15) Zot: 26862  Temple (1/1) D:6 Zot: 5720    Lair (2/5) D:11 Zot: 11018
  Snake (0/4) Lair:2          Orc (0/2) D:9         Ossuary (visited)
Gauntlet (1/1) Zot: 5589
  Swamp: Lair:2-3    Shoals: Lair:2-3

Altars:
Ashenzari
Cheibriados
Dithmenos
Elyvilon
Fedhas
Gozag
Hepliaklqana
Kikubaaqudgha
Makhleb
Nemelex Xobeh
Okawaru
Qazlal
Ru
Sif Muna
Trog
Uskayaw
Vehumet
Wu Jian
Xom
Yredelemnul
Zin
The Shining One

Shops:
D:5 (**!   D:7 (

Annotations:
Gauntlet 7 transporters


Innate Abilities, Weirdness & Mutations

You have razor-sharp teeth.
Your natural rate of healing is unusually fast.
When hurt, damage is shared between your health and your magic reserves.
Your bite disrupts and absorbs the magic of your enemies.
Potions cannot restore your health.
You cannot train Dodging skill.
You cannot study or cast Hexes magic.
You cannot study or cast Poison magic.
You cannot study or cast Translocations magic.


Message History

You start resting.
The hornet changes into a troll!
You start resting.
The troll changes into a salamander!
You start resting.
You open the door.
You hit the centaur warrior simulacrum but do no damage.
You bite the centaur warrior simulacrum, but do no damage.
You redirect the centaur warrior simulacrum's attack!
The centaur warrior simulacrum hits itself!
The centaur warrior simulacrum barely misses itself.
The centaur warrior simulacrum hits you but does no damage.
You block the centaur warrior simulacrum's attack.
You barely miss the centaur warrior simulacrum.
Your bite misses the centaur warrior simulacrum.
The centaur warrior simulacrum is stunned by your conviction and fails to attack.
You barely miss the centaur warrior simulacrum.
You bite the centaur warrior simulacrum.
You drain its power.
The centaur warrior simulacrum hits you.
The centaur warrior simulacrum freezes you!!
The centaur warrior simulacrum kicks you.
The centaur warrior simulacrum freezes you!
You punch the centaur warrior simulacrum!
You bite the centaur warrior simulacrum.
You block the centaur warrior simulacrum's attack. x2
You punch the centaur warrior simulacrum!
You bite the centaur warrior simulacrum!
You drain its power.
You feel invigorated.
The centaur warrior simulacrum hits you.
* * * LOW HITPOINT WARNING * * *
The centaur warrior simulacrum freezes you!
* * * LOW HITPOINT WARNING * * *
The centaur warrior simulacrum kicks you but does no damage.
You hit the centaur warrior simulacrum.
The centaur warrior simulacrum hits you.
* * * LOW HITPOINT WARNING * * *
The centaur warrior simulacrum freezes you!
* * * LOW HITPOINT WARNING * * *
The centaur warrior simulacrum kicks you but does no damage.
You hit the centaur warrior simulacrum.
You bite the centaur warrior simulacrum.
You hit the centaur warrior simulacrum but do no damage.
You block the centaur warrior simulacrum's attack.
The centaur warrior simulacrum kicks you but does no damage.
You punch the centaur warrior simulacrum!
The centaur warrior simulacrum hits you.
* * * LOW HITPOINT WARNING * * *
The centaur warrior simulacrum freezes you!!
You die...

#§#§#≈########≈#§#≈#§###
§.§...................≈#
..........∩...........##
#########..#########..≈#
.!)©.=..#..#..[©=$^#..##
#.....#.#..#.#####.#..≈#
.#####.N#..#.#~≈~#.#..##
.##.##.h#..#.#.©.#.#..≈#
...©...D#..#.+..@Z.#..##
.##.##.s#..#.#####.#..≈#
.#####..#..#^......#..##
#.....#.#..#########..≈#
......h.#.....#©#.....##
#########.....#©#.....≈#
..#©#......#########..##
..#©#......#...©...#..§#
#########..#.#...#.#..##


You could see a centaur warrior simulacrum.

Vanquished Creatures
  A catoblepas (Lair:1)
  2 centaur warriors (D:11)
  An oklob plant (Gauntlet)
  A black mamba (Lair:2)
  A gargoyle (D:10)
  Maggie (D:6)
  A cane toad (Lair:1)
  A polar bear (Lair:1)
  3 trolls
  Grinder (D:5)
  10 blink frogs
  2 centaur simulacra (Gauntlet)
  5 flying skulls (Gauntlet)
  A shadow (D:11)
  A vampire (D:10)
  Sigmund (D:4)
  3 wyverns
  15 yaks
  3 steam dragons
  2 vampire mosquitoes (D:11)
  An acid dragon (Gauntlet)
  Edmund (D:4)
  7 water moccasins
  Duvessa (D:4)
  A black bear (D:8)
  6 orc warriors
  An ice dragon simulacrum (Gauntlet)
  An ogre (D:6)
  2 sky beasts
  3 ice beasts
  2 centaurs
  An elf zombie (Ossuary)
  3 kobold brigands
  3 phantoms
  6 bullfrogs
  2 necrophages
  4 scorpions
  2 gnoll sergeants
  5 wights (D:7)
  Dowan (D:4)
  5 killer bees (D:9)
  3 howler monkeys
  4 centaur zombies (Ossuary)
  A crimson imp (D:9)
  8 orc priests
  3 hounds
  2 jellies
  2 iguanas
  Ijyb (D:4)
  7 orc wizards
  An ogre zombie (Ossuary)
  7 mummies (Ossuary)
  16 gnolls
  5 adders
  2 white imps
  2 ufetubi
  3 adder zombies (Ossuary)
  4 worms
  5 dart slugs
  37 orcs
  3 bats (D:2)
  4 endoplasms
  A giant cockroach (D:1)
  A gnoll zombie (Ossuary)
  2 goblins
  10 hobgoblins
  4 jackals (D:5)
  20 kobolds
  4 quokkas
  11 ball pythons
  3 frilled lizards
  4 goblin zombies (Ossuary)
  3 hobgoblin zombies (Ossuary)
  6 kobold zombies (Ossuary)
  3 quokka zombies (Ossuary)
  8 rats
  4 rat zombies (Ossuary)
318 creatures vanquished.

Vanquished Creatures (others)
  6 fungi
  2 plants
8 creatures vanquished.

Grand Total: 326 creatures vanquished

Notes
Turn   | Place    | Note
-------+----------+-------------------------------------------
     0 | D:1      | GeoRichter the Vine Stalker Brigand began the quest for the
                  | Orb.
     0 | D:1      | Reached XP level 1. HP: 11/11 MP: 2/2
   383 | D:1      | Reached XP level 2. HP: 15/15 MP: 3/3
   617 | D:1      | Found a faded altar of an unknown god.
  1246 | D:2      | Reached XP level 3. HP: 10/18 MP: 2/4
  2492 | D:3      | Gained mutation: Your natural rate of healing is unusually
                  | fast. [Vine Stalker growth]
  2492 | D:3      | Reached XP level 4. HP: 5/23 MP: 2/5
  2696 | D:3      | Reached XP level 5. HP: 28/28 MP: 6/6
  3162 | D:4      | Found a sand-covered staircase.
  3184 | D:4      | Noticed a phantom
  3186 | Ossuary  | Entered an ossuary
  3199 | Ossuary  | Reached skill level 1 in Unarmed Combat
  3338 | Ossuary  | Reached skill level 2 in Unarmed Combat
  3338 | Ossuary  | Reached XP level 6. HP: 32/32 MP: 7/7
  3421 | Ossuary  | Reached skill level 3 in Unarmed Combat
  3617 | Ossuary  | Reached XP level 7. HP: 37/37 MP: 8/8
  3637 | Ossuary  | Reached skill level 4 in Unarmed Combat
  3688 | Ossuary  | Identified the ring of Temptation {*Slow rPois rCorr Dex+6}
  3929 | D:4      | Noticed Edmund
  3941 | D:4      | Killed Edmund
  4049 | D:4      | Noticed Duvessa
  4049 | D:4      | Noticed Dowan
  4062 | D:4      | Killed Dowan
  4063 | D:4      | Reached skill level 5 in Unarmed Combat
  4071 | D:4      | Killed Duvessa
  4112 | D:4      | Gained mutation: You have razor-sharp teeth. [Vine Stalker
                  | growth]
  4112 | D:4      | Reached XP level 8. HP: 41/42 MP: 6/9
  4127 | D:4      | Found a hide-covered altar of Uskayaw.
  4168 | D:4      | Noticed Ijyb
  4185 | D:4      | Killed Ijyb
  4290 | D:4      | Reached skill level 5 in Fighting
  4348 | D:4      | Noticed Sigmund
  4351 | D:4      | Killed Sigmund
  4352 | D:4      | Reached skill level 6 in Unarmed Combat
  4416 | D:4      | Identified the +1 leather armour of Youthful Indiscretion
                  | {Stlth+}
  4595 | D:5      | Entered Level 5 of the Dungeon
  4618 | D:5      | Noticed Grinder
  4638 | D:5      | Killed Grinder
  4639 | D:5      | Reached skill level 7 in Unarmed Combat
  4786 | D:5      | Reached skill level 8 in Unarmed Combat
  4786 | D:5      | Reached XP level 9. HP: 25/48 MP: 6/10
  4897 | D:5      | Found Owoskots's Distillery.
  4911 | D:5      | Found Axomnoci's General Store.
  4911 | D:5      | Found Zeenaz's Antique Weapon Emporium.
  4912 | D:5      | Found Ficzy's General Store.
  4924 | D:5      | Bought a potion of curing for 36 gold pieces
  5694 | D:6      | Noticed Maggie
  5728 | D:6      | Killed Maggie
  5796 | D:6      | Reached skill level 9 in Unarmed Combat
  5852 | D:6      | You fall into a shaft and drop 2 floors!
  6268 | D:6      | Reached skill level 10 in Unarmed Combat
  6346 | D:6      | Reached skill level 1 in Dodging
  6468 | D:6      | Found a staircase to the Ecumenical Temple.
  6487 | Temple   | Entered the Ecumenical Temple
  6729 | Temple   | Became a worshipper of Ru the Awakened
  7260 | D:7      | Reached skill level 1 in Armour
  7260 | D:7      | Reached XP level 10. HP: 52/55 MP: 9/11
  7479 | D:7      | Found Epnibiva's Antique Weapon Emporium.
  8034 | D:7      | Gained mutation: You cannot train Dodging skill. [Ru
                  | sacrifice]
  8034 | D:7      | Reached * piety under Ru
  8949 | D:9      | Reached skill level 11 in Unarmed Combat
  8977 | D:9      | Reached skill level 1 in Shields
  9028 | D:9      | Found a burning altar of Makhleb.
  9221 | D:9      | Found a shimmering altar of Xom.
  9300 | D:9      | Identified the +0 ring mail of Resonance {+Blink +Inv rCorr
                  | Dex-5}
  9407 | D:9      | Identified the +1 robe of the Archfiend {Int+2 SInv}
  9576 | D:9      | Reached XP level 11. HP: 46/60 MP: 12/12
  9633 | D:9      | Found a hazy altar of Hepliaklqana.
  9637 | D:9      | Found a shadowy altar of Dithmenos.
  9639 | D:9      | Found an opulent altar of Gozag.
  9640 | D:9      | Found a glowing golden altar of the Shining One.
  9641 | D:9      | Found a bloodstained altar of Trog.
  9837 | D:9      | Found a staircase to the Orcish Mines.
  9946 | D:10     | Entered Level 10 of the Dungeon
 10007 | D:10     | Found a glowing silver altar of Zin.
 10047 | D:10     | Reached skill level 12 in Unarmed Combat
 10069 | D:10     | Gained mutation: You cannot study or cast Poison magic. [Ru
                  | sacrifice]
 10069 | D:10     | Gained mutation: You cannot study or cast Hexes magic. [Ru
                  | sacrifice]
 10069 | D:10     | Gained mutation: You cannot study or cast Translocations
                  | magic. [Ru sacrifice]
 10069 | D:10     | Reached ** piety under Ru
 10313 | D:10     | Identified the +2 ring mail "Sucumaj" {Int+3}
 10582 | D:11     | Found a staircase to the Lair.
 10598 | D:11     | Noticed a cyclops
 10599 | D:11     | Noticed a centaur warrior
 10602 | D:11     | Noticed a boulder beetle
 10610 | D:11     | Noticed a centaur warrior
 10612 | D:11     | Killed a centaur warrior
 10621 | D:11     | Killed a centaur warrior
 10622 | D:11     | Reached skill level 1 in Evocations
 10629 | D:11     | Noticed a wolf spider
 10634 | D:11     | Noticed a cyclops
 10637 | D:11     | Noticed a centaur warrior
 10644 | Lair:1   | Entered Level 1 of the Lair of Beasts
 10710 | Lair:1   | Noticed a catoblepas
 10750 | Lair:1   | HP: 2/62 [catoblepas (20)]
 10751 | Lair:1   | Killed a catoblepas
 11116 | Lair:1   | Reached XP level 12. HP: 39/67 MP: 13/13
 11138 | Lair:1   | Reached skill level 13 in Unarmed Combat
 11624 | Lair:2   | Found a staircase to the Snake Pit.
 11627 | Lair:2   | Found a gate leading to a gauntlet.
 11636 | Gauntlet | Entered a Gauntlet
 11636 | Gauntlet | Found a transporter.
 11636 | Gauntlet | Found a transporter.
 11636 | Gauntlet | Found a transporter.
 11636 | Gauntlet | Found a runed translucent gate.
 11637 | Gauntlet | Noticed a death scarab
 11664 | Gauntlet | Found a transporter.
 11665 | Gauntlet | Found a transporter.
 11666 | Gauntlet | Found a runed translucent gate.
 11667 | Gauntlet | Found a runed translucent gate.
 11668 | Gauntlet | Found a transporter.
 11676 | Gauntlet | Found a transporter.
 11677 | Gauntlet | Found a transporter.
 11679 | Gauntlet | Found a transporter.
 11679 | Gauntlet | Found a transporter.
 11683 | Gauntlet | Found a runed translucent door.
 11683 | Gauntlet | Found a runed translucent door.
 11686 | Gauntlet | Noticed an entropy weaver
 11687 | Gauntlet | Found a transporter.
 11687 | Gauntlet | Noticed a dire elephant
 11687 | Gauntlet | an entropy weaver changed into a dire elephant
 11688 | Gauntlet | Found a transporter.
 11695 | Gauntlet | Noticed a sphinx
 11695 | Gauntlet | a dire elephant changed into a sphinx
 11869 | Gauntlet | Reached skill level 5 in Armour
 11947 | Gauntlet | Reached skill level 10 in Fighting
 11956 | Gauntlet | Noticed a jorogumo
 11989 | Gauntlet | Noticed a quicksilver ooze
 12004 | Gauntlet | Noticed an entropy weaver
 12004 | Gauntlet | a quicksilver ooze changed into an entropy weaver
 12010 | Gauntlet | Noticed a six-headed hydra
 12010 | Gauntlet | an entropy weaver changed into a six-headed hydra
 12050 | Gauntlet | Mangled by a centaur warrior simulacrum

Illustrated notes

Levels and vault maps discovered:
D:1:      wander_arrival_fairy_ring, layout_basic,
          hellmonk_ecumenical_altar_run_dry
D:2:      layout_basic
D:3:      layout_basic
D:4:      layout_basic, nicolae_overflow_hidden_temple,
          nicolae_ossuary_entry_monument, uniq_sigmund, uniq_edmund, uniq_ijyb,
          uniq_duvessa
D:5:      layout_basic, amcnicky_mini_pool_small, minmay_shop_grid_forest,
          uniq_grinder
D:6:      layout_loops_ring, minmay_temple_entry_grid, columned_hall_lemuel,
          uniq_maggie
D:7:      layout_layer_cave, serial_shops, nicolae_shop_statue_plus,
          grunt_ministairs_10, nicolae_figureground_sparkle
D:8:      layout_cave_pods
D:9:      layout_roguey, grunt_temple_overflow_champion_of_chaos, minitemple,
          david_orc_4, grunt_ministairs_14, lightli_orcish_oven
D:10:     layout_roguey, zin_scriptorium
D:11:     minmay_the_grid_triangle_9x9_rhombus_full_mashed
          [minmay_the_grid_triangle_9x9_alien,
          minmay_the_grid_triangle_9x9_steps,
          minmay_the_grid_triangle_9x9_subtriangle,
          minmay_the_grid_triangle_9x9_checkered,
          minmay_the_grid_triangle_9x9_zippers_vertical,
          minmay_the_grid_triangle_9x9_cache,
          minmay_the_grid_triangle_9x9_warning,
          minmay_the_grid_triangle_9x9_prize_schism], layout_gridville,
          lair_entry_dummy
Temple:   oiseaux_autumnal_temple
Lair:1:   layout_misc_corridors
Lair:2:   layout_layer_cave, minmay_shoals_entry_beasts,
          guppyfry_snake_entry_island, gauntlet_entry_generic, st_stairs_5
Gauntlet: minmay_gauntlet_mixed_big_or_small [nicolae_gauntlet_arena_quarters,
          minmay_gauntlet_arena_77_run_for_it, gammafunk_gauntlet_arena_split_x,
          minmay_gauntlet_arena_77_broken_ladder, nicolae_gauntlet_arena_blocks,
          minmay_gauntlet_arena_77_shame_cube, gauntlet_exit_watery]

Skill      XL: |  1  2  3  4  5  6  7  8  9 10 11 12 |
---------------+-------------------------------------+-----
Short Blades   | 2 3 4 |  4.1
Fighting       | 2 3 4 6 7 8 9 10 | 10.0
Unarmed Combat | 2 3 5 8 10 11 12 13 | 13.3
Dodging        | 1 0 |  0.0
Armour         | 1 3 4 5 |  5.1
Shields        | 2 4 |  4.9
Evocations     | 2 3 |  3.0
Throwing       | |  1.7
Stealth        | |  4.8

Action                   |  1- 3 |  4- 6 |  7- 9 | 10-12 || total
-------------------------+-------+-------+-------+-------++-------
Melee: Dagger            |   104 |   261 |   114 |       ||   479
       Bite              |    26 |    97 |   105 |   192 ||   420
       Punch             |       |     9 |    24 |    13 ||    46
       Unarmed           |       |       |   202 |   601 ||   803
Throw: Dart              |    10 |       |    12 |       ||    22
Invok: Sacrifice Nimblen |       |       |       |     1 ||     1
       Sacrifice Arcana  |       |       |       |     1 ||     1
Evoke: Wand              |       |       |     3 |       ||     3
  Use: Scroll            |       |     4 |    12 |    14 ||    30
       Potion            |       |       |     2 |     2 ||     4
 Stab: Sleeping          |     7 |     2 |     3 |     4 ||    16
       Invisible         |       |       |     5 |       ||     5
Armor: Robe              |     3 |       |       |       ||     3
       Leather armour    |    23 |     4 |       |       ||    27
       Scale mail        |       |    72 |    43 |     6 ||   121
       Acid dragon scale |       |       |    27 |   140 ||   167
Dodge: Dodged            |    43 |   101 |   163 |   272 ||   579
Block: Kite shield       |       |       |       |   308 ||   308
       Other             |       |       |       |     5 ||     5
       Reflection        |       |       |       |    11 ||    11
